 Dungeon Crawl Stone Soup version 0.25-a0-265-g7af84ae0ac (webtiles) character file.

Game seed: 15204058028619514664, levelgen mode: deterministic

51 floatRand the Shield-Bearer (level 3, 0/43 HPs)
             Began as a Demonspawn Fighter on Dec 7, 2019.
             Succumbed to a kobold's poison
             ... on level 2 of the Dungeon.
             The game lasted 00:01:58 (1227 turns).

floatRand the Shield-Bearer (Demonspawn Fighter)    Turns: 1227, Time: 00:01:58

Health: 0/43       AC: 21    Str: 13 (16) XL:     3   Next: 58%
Magic:  3/3        EV:  2    Int:  7 (9)  God:
Gold:   76         SH:  9    Dex: 16 (18) Spells: 2/2 levels left

rFire    . . .     SeeInvis .   a - +0 trident
rCold    . . .     Gourm    .   c - +0 shield
rNeg     + + +     Faith    .   (armour currently unavailable)
rPois    +         Spirit   .   (helmet currently unavailable)
rElec    .         Reflect  .   (cloak currently unavailable)
rCorr    .         Harm     .   (gloves currently unavailable)
MR       .....     NoTele   +   (boots currently unavailable)
Stlth    ++........             (no amulet)
HPRegen  0.14/turn              (no ring)
MPRegen  0.08/turn              (no ring)

@: agile, lethally poisoned (0 -> -5), tree-form
A: demonic guardian 1
a: no special abilities


You were on level 2 of the Dungeon.
You were not hungry.
You were a tree.
You visited 1 branch of the dungeon, and saw 2 of its levels.

You collected 76 gold pieces.

Inventory:

Hand Weapons
 a - a +0 trident (weapon)
Missiles
 e - 2 poisoned darts (quivered)
Armour
 b - a +0 scale mail (melded)
 c - a +0 shield (worn)
 k - a +0 cloak (melded)
Scrolls
 g - a scroll of remove curse {unknown}
 i - a scroll of amnesia {unknown}
 l - a scroll of teleportation {unknown}
 n - a scroll of identify {unknown}
 p - a scroll of enchant weapon {unknown}
Potions
 d - a potion of might
Comestibles
 f - 6 rations
 o - 2 chunks of flesh


   Skills:
 - Level 3.0 Fighting
 + Level 2.8 Polearms
 - Level 2.6 Armour
 + Level 3.5 Shields


You had 2 spell levels left.
You didn't know any spells.
Your spell library was empty.

Dungeon Overview and Level Annotations

Branches:
Dungeon (2/15)

Altars:


Innate Abilities, Weirdness & Mutations

A weak demonic guardian rushes to your aid.


Message History

You cannot move.
There is a lethal amount of poison in your body!
You cannot move.
You cannot move.
e - a poisoned dart
* * * LOW HITPOINT WARNING * * *
You feel sick.
You hit the rat.
You kill the rat!
The kobold throws a poisoned dart.
The poisoned dart hits you!
You cannot move.
You cannot move.
There is a lethal amount of poison in your body!
You cannot move.
e - 2 poisoned darts (gained 1)
* * * LOW HITPOINT WARNING * * *
You feel sick.
The kobold throws a poisoned dart.
You block the poisoned dart.
* * * LOW HITPOINT WARNING * * *
You feel sick.
You die...

## ###### #. . ..... #. ..
.... ### ###. ♣. ... #.. #.'.
._.♣.. #.# #.#. ♣.♣... #.#
#...
..♣....######♣##.###+#########
...........K(.##.#.........# #
###..##.÷.....##....<..###.###
.............................#
###....######.##.#..)..#.#.#.#
#.... #.##.###.......#.. #....
####....###.#...####. +....
+..................>. #....
###########..........


You could see a kobold.

Vanquished Creatures
  An adder (D:2)
  A worm (D:2)
  2 dart slugs (D:1)
  A leopard gecko (D:1)
  3 bats (D:1)
  2 giant cockroaches (D:1)
  3 goblins (D:1)
  4 hobgoblins (D:1)
  7 jackals (D:1)
  A ball python (D:1)
  2 frilled lizards (D:2)
  2 kobolds (D:1)
  4 rats
33 creatures vanquished.

Notes
Turn   | Place    | Note
-------+----------+-------------------------------------------
     0 | D:1      | floatRand the Demonspawn Fighter began the quest for the
                  | Orb.
     0 | D:1      | Reached XP level 1. HP: 18/18 MP: 1/1
   238 | D:1      | Gained mutation: A weak demonic guardian rushes to your
                  | aid. [demonic ancestry]
   238 | D:1      | Reached XP level 2. HP: 24/24 MP: 2/2
   524 | D:1      | Reached XP level 3. HP: 27/29 MP: 3/3
  1174 | D:2      | Found a faded altar of an unknown god.
  1225 | D:2      | HP: 2/43 [poisoned by a kobold]
  1227 | D:2      | Succumbed to a kobold's poison

Levels and vault maps discovered:
D:1:      dpeg_arrival_snail, layout_basic, minmay_misc_feat_ornament
D:2:      layout_basic, chequers_ecumenical_altar_simple_redux

Skill      XL: |  1 |
---------------+----+-----
Polearms       | 2 |  2.8
Shields        | 3 |  3.5
Fighting       | |  3.0
Armour         | |  2.6

Action                   || total
-------------------------++-------
Melee: Trident           ||   118
  Use: Potion            ||     4
  Eat: Chunk             ||     1
Armor: Scale mail        ||    55
Dodge: Dodged            ||    27
Block: Shield            ||    46

Table legend:
 A = Non-vault XP
 B = Vault XP
 C = Vault XP percentage of total XP
 D = Non-vault monster count
 E = Vault monster count
 F = Vault count percentage of total count
                 A         B        C        D         E       F
            +---------+---------+-------+---------+---------+-------
      Total |      74 |       0 |   0.0 |      33 |       0 |   0.0
            +---------+---------+-------+---------+---------+-------
        D:1 |      51 |       0 |   0.0 |      27 |       0 |   0.0
        D:2 |      23 |       0 |   0.0 |       6 |       0 |   0.0
            +---------+---------+-------+---------+---------+-------
